Map: Abyssal Reef LE

Players

eXile - Winner!

  • Race: Zerg Zerg
  • League: Platinum
  • Spawn Location: 5:00

Ozz

  • Race: Terran Terran
  • League: Platinum
  • Spawn Location: 11:00

VOD

Have the link to the VOD?

Description

Time

  • Played on: July 17, 2017, 8:12 p.m.
  • Length: 29:40
Show
View Real Time Build Order
Export as new Build Order

eXile Zerg - Winner!

Build Orders: Hatch First 

Get SALT Encoding   

  12  0:02  Drone  
  13  0:13  Overlord  
  13  0:22  Drone  
  14  0:34  Drone x2  
  16  0:38  Drone  
  17  0:55  Hatchery  
  16  0:58  Drone  
  16  1:00  Extractor  
  17  1:04  Drone  
  17  1:19  Spawning Pool  
  17  1:23  Drone  
  17  1:26  Drone  
  18  1:34  Drone  
  19  1:43  Overlord  
  19  1:52  Drone  
  20  2:03  Drone  
  21  2:08  Metabolic Boost  
  21  2:09  Queen  
  21  2:12  Queen  
  25  2:23  Zergling x4  
  25  3:07  Drone x3  
  25  3:08  Drone x3  
  25  3:10  Queen  
  33  3:19  Zergling x4  
  35  3:34  Hatchery  
  34  3:41  Overlord  
  34  3:48  Pneumatized Carapace  
  34  3:54  Overlord  
  34  3:58  Queen  
  34  4:02  Drone x4  
  40  4:03  Drone  
  41  4:20  Zergling x2  
  41  4:21  Baneling Nest, Zergling x10  
  46  4:32  Zergling x4  
  48  4:43  Spore Crawler  
  47  4:46  Spore Crawler  
  46  4:55  Drone x3  
  46  4:58  Lair  
  49  5:05  Drone x2  
  49  5:06  Drone x2  
  53  5:14  Overlord  
  53  5:15  Overlord  
  53  5:18  Spore Crawler  
  52  5:32  Queen, Overlord x2  
  54  5:55  Drone x2  
  54  5:56  Drone x6  
  62  6:01  Centrifical Hooks, Evolution Chamber x2  
  62  6:02  Extractor  
  62  6:03  Zergling x12  
  62  6:04  Zergling x8  
  63  6:24  Drone x2  
  63  6:25  Drone x5  
  70  6:26  Queen  
  72  6:40  Drone x4  
  72  6:41  Drone  
  77  7:22  Extractor  
  76  7:26  Extractor  
  75  7:31  Extractor  
  75  7:32  Extractor  
  75  7:36  Hydralisk Den, Zerg Missile Weapons Level 1  
  72  7:37  Zerg Ground Armor Level 1  
  72  7:52  Spore Crawler  
  72  7:58  Zergling x14  
  74  7:59  Zergling x8  
  78  8:42  Overlord x4  
  78  8:43  Overlord  
  78  8:51  Overlord x2  
  76  9:02  Hydralisk x4  
  78  9:03  Hydralisk x5, Extractor  
  78  9:05  Hydralisk Den  
  90  9:19  Spore Crawler  
  88  9:25  Overseer  
  82  10:18  Overlord x4  
  82  10:19  Zergling x2  
  82  10:20  Zergling x36  
  82  10:21  Zergling x14  
  108  10:37  Spore Crawler  
  107  10:57  Drone  
  108  10:59  Drone x6  
  108  11:00  Queen, Drone x6  
  120  11:39  Drone  
  126  11:40  Drone x9  
  130  12:11  Zerg Missile Weapons Level 2  
  130  12:12  Zerg Ground Armor Level 2  
  130  12:16  Extractor, Infestation Pit  
  128  12:29  Hatchery  
  127  12:38  Hydralisk x2  
  127  12:39  Hydralisk x8  
  127  12:40  Hydralisk x5  
  157  13:06  Evolution Chamber  
  157  13:07  Muscular Augments  
  157  13:12  Overlord x5  
  156  13:32  Drone x3  
  156  13:33  Drone x6  
  156  13:34  Drone x2  
  167  13:46  Hive  
  167  13:47  Pathogen Glands  
  167  13:52  Hatchery, Overseer  
  167  13:53  Overseer  
  162  13:58  Spore Crawler  
  156  14:16  Hydralisk x8  
  156  14:17  Hydralisk x6  
  184  14:27  Zerg Melee Weapons Level 1  
  184  14:36  Queen  
  186  14:41  Drone  
  186  14:42  Drone x8  
  186  14:43  Spire  
  193  15:25  Baneling x7  
  193  15:26  Baneling x8  
  193  15:27  Baneling  
  193  15:30  Zerg Missile Weapons Level 3  
  193  15:31  Zerg Ground Armor Level 3  
  193  15:32  Hydralisk  
  193  15:33  Hydralisk x2  
  107  16:12  Hydralisk x16  
  107  16:13  Zergling x2  
  107  16:14  Zergling x12  
  121  16:44  Zergling x18  
  106  17:02  Zergling x12  
  106  17:07  Hatchery, Zerg Melee Weapons Level 2  
  111  17:12  Queen, Drone x3  
  117  17:22  Drone  
  117  17:23  Drone  
  117  17:27  Hatchery  
  117  17:48  Corruptor x6  
  117  17:49  Corruptor  
  131  17:55  Queen  
  133  18:15  Extractor  
  133  18:16  Extractor x2  
  133  18:17  Extractor  
  128  18:38  Hatchery  
  126  18:57  Zergling x10  
  126  18:58  Zergling x26  
  144  19:07  Queen  
  146  19:10  Drone x3  
  146  19:16  Drone x5  
  146  19:17  Drone x3  
  156  19:22  Corruptor  
  158  19:43  Queen  
  160  19:52  Zerg Melee Weapons Level 3  
  160  19:53  Adrenal Glands  
  160  20:10  Drone x8  
  160  20:11  Drone x5  
  173  20:32  Baneling x2  
  173  20:33  Baneling x9  
  173  20:34  Baneling x4  
  173  20:41  Hydralisk x5  
  173  20:42  Hydralisk x2  
  187  20:44  Overlord x2  
  187  20:45  Overlord x2  
  173  21:08  Hydralisk x2  
  173  21:09  Hydralisk x8  
  166  21:22  Hydralisk  
  166  21:23  Hydralisk x8  
  166  21:24  Hydralisk x2  
  159  21:32  Zergling x4  
  151  21:33  Zergling x14  
  151  21:34  Zergling x2  
  145  21:51  Zergling x8  
  145  21:52  Zergling x12  
  148  22:03  Hydralisk x4  
  148  22:04  Hydralisk x7  
  160  22:31  Zergling x6  
  160  22:32  Zergling x16  
  160  22:33  Zergling x2  
  172  22:52  Baneling x6  
  172  22:53  Baneling x4  
  172  22:59  Extractor  
  172  23:00  Extractor  
  121  23:35  Hydralisk x6  
  121  23:36  Hydralisk x7  
  121  23:37  Zergling x6  
  121  23:38  Zergling x14  
  121  23:39  Zergling x6  
  142  24:00  Mutalisk x6  
  142  24:01  Mutalisk x3  
  142  24:02  Drone  
  161  24:13  Drone x5  
  152  24:49  Hatchery  
  151  24:55  Hydralisk x4  
  151  24:56  Hydralisk x6, Corruptor x2  
  151  24:57  Corruptor  
  177  25:15  Zergling x12  
  177  25:16  Zergling x4  
  185  25:47  Hydralisk x5  
  185  25:48  Hydralisk x2  
  199  26:16  Hatchery  
  198  26:19  Hatchery  
  152  26:56  Zergling x14  
  152  26:57  Zergling x2  
  152  26:59  Greater Spire  
  160  27:04  Spire  
  131  27:31  Zergling x6  
  131  27:32  Zergling x14  
  131  27:33  Zergling x12  
  145  27:55  Extractor x2  
  137  28:23  Hydralisk x2  
  137  28:24  Hydralisk x8  
  137  28:25  Hydralisk x7  
  171  28:29  Brood Lord x3  
  171  28:30  Brood Lord x3  
  171  28:31  Corruptor x4, Zergling x2  
  171  28:32  Corruptor x3  
  198  28:42  Zergling x2  
  190  29:13  Overseer x2  
  190  29:14  Overseer  
Show
View Real Time Build Order
Export as new Build Order

Ozz Terran 

Build Orders: Reaper Expand, MMM Bio 

Get SALT Encoding   

  12  0:01  SCV  
  13  0:13  SCV  
  14  0:17  Supply Depot  
  14  0:25  SCV  
  15  0:39  SCV  
  15  0:41  Barracks  
  16  0:47  Refinery  
  16  0:51  SCV  
  17  1:03  SCV  
  18  1:15  SCV  
  19  1:31  Command Center  
  19  1:32  Reaper  
  20  1:42  Orbital Command  
  20  2:02  Supply Depot  
  20  2:07  Refinery  
  20  2:08  Marine  
  20  2:11  SCV  
  22  2:17  Factory  
  22  2:23  SCV  
  22  2:26  Marine  
  24  2:57  Orbital Command  
  24  3:01  Supply Depot  
  24  3:04  Starport, Factory Reactor  
  24  3:09  SCV  
  25  3:13  Barracks Tech Lab  
  25  3:21  SCV  
  25  3:25  Bunker  
  25  3:26  SCV  
  27  3:33  SCV  
  28  3:38  SCV  
  29  3:44  Widow Mine x2, Engineering Bay  
  29  3:45  SCV  
  29  3:47  Starport Tech Lab  
  34  3:50  SCV  
  34  3:53  Barracks  
  34  3:54  Marine  
  36  3:58  SCV  
  36  4:00  Supply Depot  
  36  4:02  SCV  
  38  4:09  Cloaking Field  
  38  4:10  SCV  
  38  4:14  SCV, Banshee  
  43  4:37  SCV  
  43  4:38  SCV  
  45  4:41  Hellion x2  
  45  4:42  Marine  
  45  4:43  Barracks Reactor  
  50  4:46  Terran Infantry Weapons Level 1  
  50  4:48  Factory  
  50  4:49  SCV  
  50  4:51  SCV  
  52  4:58  Refinery  
  52  4:59  Marine  
  52  5:02  SCV  
  52  5:03  SCV  
  55  5:10  Banshee  
  55  5:13  Hellion x2  
  62  5:19  Stimpack  
  62  5:22  SCV, Marine  
  62  5:24  Supply Depot  
  62  5:26  SCV, Supply Depot x2  
  65  5:34  SCV  
  66  5:38  SCV  
  66  5:54  Marine  
  66  5:55  Marine  
  66  5:56  Marine  
  69  5:58  Factory Tech Lab  
  69  5:59  Banshee  
  69  6:04  Hyperflight Rotors  
  72  6:12  Marine  
  72  6:13  Marine  
  72  6:14  Marine  
  67  6:28  Hellion x2  
  67  6:29  Siege Tank  
  67  6:30  Marine x2  
  67  6:32  Marine, Command Center  
  77  6:42  SCV x2  
  77  6:46  Banshee  
  79  6:47  Refinery  
  79  6:48  Marine x2  
  79  6:50  Hellion x2  
  88  7:09  Terran Infantry Armor Level 1  
  88  7:11  Hellion x2  
  92  7:19  Supply Depot, Combat Shields  
  92  7:20  Supply Depot  
  92  7:21  Supply Depot  
  92  7:39  Supply Depot  
  92  7:40  Siege Tank  
  95  7:50  Planetary Fortress  
  95  7:59  Barracks  
  95  8:02  Barracks  
  95  8:04  SCV x2  
  97  8:07  Refinery  
  97  8:08  Refinery  
  89  8:27  Hellion  
  89  8:28  Hellion  
  93  8:35  Siege Tank  
  96  9:00  Marine x2  
  96  9:01  Marine  
  99  9:03  Hellion x2  
  99  9:07  Siege Tank  
  106  9:18  Marine x2  
  106  9:19  Marine  
  109  9:25  Hellion x2  
  113  9:36  Marine x2  
  113  9:37  Marine  
  116  9:39  Siege Tank  
  116  9:45  Liberator  
  116  9:46  Hellion x2  
  117  9:54  Marine x2  
  117  9:55  Marine  
  120  10:01  Armory  
  120  10:03  Supply Depot  
  123  10:10  Fusion Core  
  123  10:11  Siege Tank  
  123  10:13  Marine, Command Center  
  123  10:14  SCV x2  
  129  10:19  Barracks Reactor  
  129  10:22  Barracks  
  129  10:37  Concussive Shells  
  129  10:38  Marauder  
  129  10:39  Marine x2  
  129  10:41  Widow Mine x2  
  137  10:43  Siege Tank  
  140  10:55  Starport  
  140  10:57  Marine x2  
  140  11:00  Marauder  
  144  11:04  Advanced Ballistics  
  144  11:06  Terran Vehicle Weapons Level 1  
  144  11:07  Armory  
  144  11:08  Terran Infantry Weapons Level 2  
  144  11:15  Siege Tank  
  147  11:21  Marauder  
  129  11:36  Barracks Reactor  
  129  11:42  Bunker, Marauder  
  131  12:04  Marauder  
  131  12:05  Orbital Command  
  133  12:09  Weapon Refit  
  133  12:12  Terran Vehicle And Ship Armor Level 1  
  133  12:14  Starport Reactor  
  133  12:19  Thor  
  133  12:22  Hellbat  
  143  12:23  Hellbat  
  143  12:26  Marauder  
  143  12:28  Marine x2  
  147  12:34  Starport  
  147  12:35  Supply Depot  
  147  12:41  Engineering Bay  
  147  12:44  Hellbat x2  
  151  12:45  Marine  
  151  12:46  SCV x2, Marine  
  151  12:48  Marauder  
  151  12:51  Bunker  
  157  13:02  Supply Depot  
  157  13:03  Marine x2  
  157  13:05  Hellbat x2  
  163  13:14  Supply Depot  
  163  13:18  Thor  
  163  13:19  Terran Vehicle Weapons Level 2  
  169  13:21  Terran Infantry Armor Level 2  
  169  13:26  Hellbat  
  169  13:27  Hellbat, Marine x2, Marauder  
  175  13:29  Medivac  
  179  13:35  Medivac  
  181  13:45  Marine x2  
  181  13:48  Hellbat x2, Marauder  
  189  13:59  Medivac  
  191  14:05  Medivac  
  191  14:09  Marauder  
  192  14:12  Siege Tank  
  192  14:23  Hellbat x2  
  196  14:31  Marauder  
  198  14:41  Command Center  
  198  14:52  Bunker  
  198  15:48  Supply Depot  
  198  15:49  Supply Depot  
  198  15:53  Orbital Command  
  105  16:50  Siege Tank  
  105  16:52  Hellbat x2  
  112  16:58  Marine x4  
  98  17:03  Terran Infantry Weapons Level 3  
  98  17:04  Terran Infantry Armor Level 3  
  98  17:06  Terran Vehicle Weapons Level 3, Refinery  
  98  17:07  Terran Vehicle And Ship Armor Level 2  
  98  17:10  Battlecruiser  
  98  17:13  Hellbat x2, Medivac x2  
  114  17:15  Marauder  
  114  17:16  Marine x4  
  114  17:22  Siege Tank  
  121  17:34  Marine x4  
  121  17:35  Hellbat x2  
  131  17:37  Marauder  
  131  17:43  Medivac x2  
  135  17:51  Marine x2  
  135  17:52  Marine x2  
  135  17:54  Siege Tank  
  135  17:58  Hellbat, Marauder  
  146  17:59  Hellbat  
  146  18:02  Refinery  
  148  18:13  Marine, Medivac x2  
  148  18:14  Marine, Battlecruiser  
  148  18:18  Starport Tech Lab  
  148  18:19  Marauder  
  162  18:26  Siege Tank  
  165  18:31  Marine x2  
  165  18:33  Orbital Command  
  167  18:41  Marauder  
  169  18:44  Marine x4  
  169  18:47  Medivac x2  
  177  18:49  Marine x2  
  177  18:50  Battlecruiser  
  179  19:02  Marine x4, Marauder  
  184  19:07  Marine x2  
  187  19:20  Marine x4  
  191  19:37  Marine  
  192  19:44  Terran Vehicle And Ship Armor Level 3  
  190  19:46  Terran Ship Weapons Level 1  
  190  19:48  Marine x3  
  190  19:51  Marine x3  
  196  19:55  Marine  
  197  20:05  Marine  
  197  20:06  Marine x2  
  200  20:11  Orbital Command  
  200  20:30  Refinery  
  200  20:31  Bunker  
  200  20:32  Refinery  
  200  20:33  Bunker  
  200  20:34  Bunker  
  125  21:31  Marine x4  
  127  21:33  Marine  
  127  21:34  Marine x2  
  127  21:36  Siege Tank  
  127  21:38  Hellbat x2  
  125  21:40  Battlecruiser  
  125  21:41  Battlecruiser  
  125  21:42  Terran Ship Weapons Level 2  
  128  21:48  Marine  
  128  21:49  Marine x3  
  128  21:51  Marine  
  128  21:52  Factory, Marine x2  
  126  21:59  Hellbat x2  
  127  22:06  Marine  
  127  22:07  Marine x3  
  131  22:08  Siege Tank  
  131  22:09  Marine  
  131  22:10  Marine x2, Orbital Command  
  128  22:21  Hellbat x2  
  129  22:24  Marine  
  129  22:25  Marine x3  
  129  22:27  Marine  
  129  22:28  Marine x2  
  134  22:37  Factory Tech Lab  
  134  22:40  Siege Tank  
  134  22:42  Hellbat x2  
  138  22:44  Marine  
  122  23:06  Marine x2  
  122  23:07  Marine x2  
  128  23:12  Siege Tank  
  128  23:24  Marine x4  
  120  23:27  Orbital Command  
  89  23:42  Marine x4  
  93  24:00  Marine  
  94  24:04  Command Center  
  94  24:10  Command Center  
  94  24:30  Marine  
  94  24:31  Marine x2  
  91  24:39  Marine x4  
  89  24:48  Marine x3  
  92  24:56  Orbital Command  
  92  24:57  Marine x4  
  92  24:58  Liberator x2  
  96  25:00  Siege Tank  
  96  25:06  Marine x2  
  101  25:18  Marauder  
  101  25:20  Building Armor  
  108  25:24  Marine x2  
  110  25:28  Marine  
  110  25:29  Marine  
  110  25:32  Siege Tank  
  115  25:39  Marauder  
  117  25:46  Marine x2  
  119  26:01  Marauder  
  121  26:22  Marauder  
  87  26:54  Command Center  
  77  27:34  Marine x3  
  77  27:35  Marine  
  71  27:52  Marine x2  
  57  28:14  Marine x2  
  57  28:15  Marine x2  
  60  28:23  Missile Turret  
  60  28:32  Marine x2  
  62  28:50  Planetary Fortress  
  62  29:00  Marine  
Tags
 
Add a new tag
Caveats
  • Supply blocks, unpowered buildings, or Contaminate may cause inaccurate times.
  • Supply counts are checked every 10 seconds.